Map: Golden Wall LE

Players

Astrea - Winner!

  • Race: Protoss Protoss
  • Spawn Location: 5:00

Nina

  • Race: Protoss Protoss
  • League: Grandmaster
  • Spawn Location: 7:00

Event: DreamHack SC2 Masters 2020 Summer North America

VOD

Have the link to the VOD?

Description

Time

  • Played on: July 10, 2020, 3:08 p.m.
  • Length: 9:33

All games in this series

Show
View Real Time Build Order
Export as new Build Order

Astrea Protoss - Winner!

Build Orders: Phoenix Opening 

Get SALT Encoding   

  12  0:00  Probe  
  13  0:12  Probe  
  14  0:19  Pylon  
  14  0:25  Probe  
  15  0:34  Probe  
  15  0:42  Probe  
  17  0:51  Probe  
  18  1:04  Gateway  
  18  1:13  Nexus  
  18  1:15  Probe  
  19  1:20  Assimilator  
  19  1:28  Probe  
  19  1:32  Assimilator  
  20  1:40  Probe  
  20  1:43  Gateway  
  21  1:52  Probe  
  21  1:53  Pylon  
  22  2:02  Cybernetics Core  
  22  2:03  Probe  
  23  2:11  Probe  
  24  2:20  Probe  
  24  2:25  Probe  
  26  2:32  Probe  
  26  2:35  Probe  
  27  2:40  Stargate  
  27  2:43  Probe  
  28  2:44  Assimilator  
  28  2:45  Probe  
  30  2:52  Probe  
  30  2:53  Pylon  
  30  2:57  Probe  
  32  3:01  Warp Gate  
  32  3:04  Probe  
  33  3:09  Probe  
  33  3:10  Stargate  
  34  3:16  Probe  
  34  3:19  Probe  
  35  3:24  Phoenix  
  38  3:27  Probe  
  38  3:28  Probe  
  39  3:37  Probe  
  39  3:38  Nexus  
  40  3:42  Probe  
  41  3:49  Phoenix  
  41  3:52  Probe  
  41  3:53  Shield Battery  
  41  3:55  Phoenix  
  44  3:58  Probe  
  47  4:04  Pylon  
  47  4:05  Probe  
  47  4:07  Phoenix  
  48  4:11  Phoenix, Probe  
  51  4:19  Probe  
  51  4:22  Pylon  
  51  4:23  Probe  
  55  4:29  Robotics Facility  
  55  4:31  Probe  
  55  4:35  Probe  
  55  4:38  Phoenix  
  59  4:42  Assimilator  
  59  4:43  Probe  
  60  4:47  Phoenix  
  60  4:48  Assimilator  
  62  4:54  Probe  
  62  4:57  Forge, Probe x2  
  65  5:00  Gateway  
  65  5:05  Stalker x2  
  67  5:11  Immortal  
  67  5:13  Probe x2  
  67  5:17  Probe  
  72  5:25  Probe  
  73  5:32  Twilight Council  
  73  5:34  Probe x2  
  75  5:41  Immortal  
  75  5:43  Gateway  
  75  5:44  Gateway, Protoss Ground Weapons Level 1  
  75  5:48  Gateway  
  75  5:53  Gateway  
  79  5:57  Gateway  
  79  6:00  Blink  
  79  6:02  Pylon  
  79  6:12  Stalker x3  
  85  6:19  Observer  
  86  6:26  Gateway  
  86  6:32  Pylon  
  86  6:34  Pylon  
  86  6:36  Sentry, Stalker  
  86  6:37  Stalker  
  92  6:40  Immortal  
  92  6:46  Photon Cannon x2  
  92  6:49  Pylon  
  96  6:54  Observer  
  96  6:56  Stalker x3  
  96  6:57  Stalker  
  100  7:09  Sentry  
  100  7:10  Stalker x2  
  100  7:12  Warp Prism  
  106  7:18  Photon Cannon  
  106  7:20  Pylon  
  106  7:22  Probe  
  109  7:23  Probe  
  109  7:24  Observer  
  110  7:36  Pylon  
  110  7:43  Stalker x7  
  124  7:53  Pylon x2  
  124  7:57  Pylon  
  124  8:03  Stalker  
  124  8:04  Stalker  
  125  8:15  Stalker x2  
  125  8:17  Stalker x2  
  122  8:23  Observer, Probe  
  122  8:25  Stalker x2  
  111  8:27  Stalker  
  103  8:38  Warp Prism, Stalker x2  
  103  8:50  Stalker x2  
  101  9:01  Stalker x2  
Show
View Real Time Build Order
Export as new Build Order

Nina Protoss 

Build Orders: Nexus First, Phoenix Opening 

Get SALT Encoding   

  12  0:00  Probe  
  13  0:13  Probe  
  14  0:20  Pylon  
  14  0:25  Probe  
  15  0:34  Probe  
  15  0:42  Probe  
  17  1:00  Nexus  
  17  1:03  Probe  
  18  1:12  Probe  
  18  1:17  Gateway  
  19  1:22  Probe  
  19  1:23  Assimilator  
  20  1:34  Probe  
  20  1:35  Pylon  
  21  1:42  Assimilator  
  21  1:46  Probe  
  22  1:57  Gateway  
  22  1:58  Probe  
  23  2:06  Cybernetics Core  
  23  2:10  Probe  
  23  2:14  Probe, Pylon  
  24  2:18  Probe  
  24  2:22  Probe  
  25  2:26  Probe  
  26  2:31  Probe  
  28  2:38  Pylon, Probe  
  28  2:43  Stalker, Probe  
  32  2:46  Sentry  
  32  2:49  Warp Gate  
  34  2:51  Probe  
  34  2:57  Shield Battery  
  35  2:59  Probe  
  35  3:03  Pylon  
  36  3:06  Probe  
  36  3:11  Shield Battery  
  37  3:13  Probe  
  37  3:17  Sentry  
  37  3:19  Stalker  
  42  3:20  Phoenix  
  42  3:22  Probe  
  43  3:29  Robotics Facility  
  43  3:31  Probe  
  44  3:38  Probe  
  44  3:39  Gateway  
  45  3:43  Probe  
  45  3:47  Pylon  
  46  3:49  Stalker  
  46  3:51  Probe  
  46  3:53  Probe  
  50  3:58  Pylon  
  50  4:01  Probe  
  50  4:04  Probe  
  50  4:07  Twilight Council  
  52  4:10  Probe  
  52  4:13  Assimilator  
  52  4:16  Assimilator, Probe  
  54  4:21  Observer, Probe  
  55  4:28  Probe  
  57  4:33  Probe  
  57  4:36  Gateway  
  57  4:37  Adept x2  
  62  4:39  Stalker  
  62  4:40  Probe  
  64  4:45  Probe  
  64  4:47  Blink  
  64  4:52  Probe  
  64  4:57  Stalker  
  64  4:58  Probe  
  67  5:04  Probe  
  66  5:10  Probe  
  67  5:14  Stalker  
  67  5:16  Probe  
  67  5:18  Pylon  
  70  5:22  Nexus  
  70  5:31  Probe  
  70  5:33  Stalker  
  70  5:35  Probe  
  70  5:39  Gateway  
  70  5:42  Gateway x2  
  70  5:44  Observer  
  70  5:45  Stalker  
  70  5:46  Probe  
  74  5:53  Stalker x2  
  76  6:10  Stalker x2  
  77  6:14  Probe  
  78  6:25  Pylon  
  78  6:27  Pylon  
  78  6:29  Forge, Probe  
  78  6:30  Probe  
  78  6:37  Probe  
  78  6:39  Stalker x3  
  85  6:41  Probe  
  85  6:43  Observer, Probe  
  85  6:44  Stalker  
  90  6:50  Probe  
  90  6:53  Stalker, Probe  
  93  6:58  Probe  
  93  7:01  Pylon  
  94  7:02  Probe  
  94  7:09  Stalker x3  
  94  7:10  Probe  
  94  7:11  Probe  
  94  7:14  Probe  
  102  7:22  Observer, Probe  
  104  7:23  Probe  
  104  7:25  Stalker x3  
  111  7:35  Pylon, Probe  
  111  7:36  Stalker  
  112  7:38  Sentry, Pylon  
  112  7:41  Probe x2  
  116  7:49  Probe  
  117  7:52  Pylon  
  117  7:53  Probe  
  117  7:55  Assimilator  
  118  7:58  Assimilator  
  118  8:01  Pylon  
  118  8:05  Stalker x3  
  114  8:20  Zealot  
  114  8:23  Zealot x3  
  94  8:36  Immortal  
  78  8:41  Zealot  
  78  8:44  Zealot x4  
  78  8:45  Probe  
  68  8:59  Probe  
  68  9:00  Cybernetics Core  
  65  9:04  Zealot  
  65  9:05  Zealot x2  
  65  9:06  Zealot x2  
  67  9:22  Zealot x3  
  66  9:28  Zealot  
Tags
 
Add a new tag
Caveats
  • Supply blocks, unpowered buildings, or Contaminate may cause inaccurate times.
  • Supply counts are checked every 10 seconds.